 Dungeon Sprint DCSS version 0.31-a0-1-g4198be8af4 (webtiles) character file.

Game seed: 5093054906722614314

3100000 123456 the Conqueror (level 19, -128/221 HPs)
             Began as an Armataur Gladiator on May 1, 2023.
             Was the Champion of Makhleb.
             Annihilated by a destroyer
             ... wielding a +9 heavy great sword
              (246 damage)
             ... in the Dungeon (Sprint VIII: "Arena of Blood").
             The game lasted 00:00:52 (31 turns).

123456 the Conqueror (Armataur Gladiator)             Turns: 31, Time: 00:00:53

Health: -128/221   AC: 10    Str: 21    XL:     19   Next: 92%
Magic:  19/27      EV: 26    Int:  9    God:    Makhleb [******]
Gold:   0          SH:  0    Dex: 18    Spells: 29/29 levels left

rFire   . . .        k - +∞ Axe of Woe
rCold   . . .        (shield currently unavailable)
rNeg    . . .        a - +0 leather armour
rPois   .            b - +0 helmet
rElec   .            (no cloak)
rCorr   .            (no gloves)
SInv    .            (no barding)
Will    +....        (no amulet)
Stlth   ++++         (no ring)
HPRegen 0.56/turn    (no ring)
MPRegen 0.20/turn

%: no teleportation, roll
@: no status effects
A: large, rugged brown scales 3, deformed body, armoured tail, roll, long
tongue, awkward tongue
a: Renounce Religion, Minor Destruction, Lesser Servant of Makhleb, Major
Destruction, Greater Servant of Makhleb


You were in the Dungeon.
You worshipped Makhleb.
Makhleb was exalted by your worship.
You visited 1 branch

Inventory:

Hand Weapons
 k - the +∞ Axe of Woe (weapon)
   (You found it in the Dungeon)
Missiles
 c - 3 throwing nets (quivered)
 d - a javelin
Armour
 a - a +0 leather armour (worn)
 b - a +0 helmet (worn)
Scrolls
 j - a scroll of blinking
Potions
 e - a potion of curing
 f - a potion of heal wounds
 g - a potion of haste
 h - 2 potions of magic
 i - a potion of berserk rage


   Skills:
 O Level 27 Fighting
 + Level 6.7(7.9) Short Blades
 + Level 6.3(7.7) Long Blades
 O Level 27 Axes
 + Level 6.3(20.7) Maces & Flails
 + Level 5.8(19.1) Polearms
 + Level 6.3(8.7) Staves
 + Level 5.3 Ranged Weapons
 O Level 27 Throwing
 O Level 27 Armour
 O Level 27 Dodging
 + Level 8.4 Stealth
 + Level 7.7 Shields
 - Level 2.6 Unarmed Combat
 + Level 5.8 Spellcasting
 + Level 6.3 Conjurations
 + Level 6.9 Hexes
 + Level 6.1 Summonings
 + Level 6.1 Necromancy
 + Level 7.3 Translocations
 + Level 6.7 Transmutations
 + Level 7.2 Fire Magic
 + Level 7.2 Ice Magic
 + Level 7.2 Air Magic
 + Level 7.2 Earth Magic
 + Level 7.2 Poison Magic
 + Level 7.9 Invocations
 + Level 7.9 Evocations


You had 29 spell levels left.
You didn't know any spells.
Your spell library was empty.

Dungeon Overview and Level Annotations

Branches:
Dungeon (1/1)

Altars:
Makhleb


Innate Abilities, Weirdness & Mutations

You are completely covered in rugged brown scales. (AC +3, +7% HP)
Armour fits poorly on your strangely shaped body.
You have a long armoured tail.
You roll when moving toward enemies. (Rampage)
Your long tongue fully drains potion bottles. (2x potion effects)
Your tongue gives you trouble enunciating. (1.5x scroll delay)


Message History

You hear a shout!
The destroyer shouts!
Your base Short Blades skill gained 2 levels and is now at level 6!
Your base Long Blades skill gained 2 levels and is now at level 6!
Your base Maces & Flails skill gained 2 levels and is now at level 6!
Your base Polearms skill increases to level 5!
Your base Staves skill gained 2 levels and is now at level 6!
Your Ranged Weapons skill increases to level 5!
Your Stealth skill gained 2 levels and is now at level 8!
Your Shields skill gained 2 levels and is now at level 7!
Your Spellcasting skill increases to level 5!
Your Conjurations skill gained 2 levels and is now at level 6!
Your Hexes skill increases to level 6!
Your Summonings skill gained 2 levels and is now at level 6!
Your Necromancy skill gained 2 levels and is now at level 6!
Your Translocations skill gained 2 levels and is now at level 7!
Your Transmutations skill gained 2 levels and is now at level 6!
Your Fire Magic skill gained 2 levels and is now at level 7!
Your Ice Magic skill gained 2 levels and is now at level 7!
Your Air Magic skill gained 2 levels and is now at level 7!
Your Earth Magic skill gained 2 levels and is now at level 7!
Your Poison Magic skill gained 2 levels and is now at level 7!
Your Invocations skill increases to level 7!
Your Evocations skill increases to level 7!
A destroyer comes into view. It is wielding a +9 heavy great sword.
The destroyer shouts!
The meat berserker is engulfed in blazing flames.
The destroyer casts a spell at you.
The destroyer blinks!
You hear a shout! x5
The bag of meat is engulfed in blazing flames.
Unknown command.
Unknown command.
Unknown command.
Unknown command.
Unknown command.
You roll towards the destroyer!
You hear a shout! x2
The destroyer hits you with a +9 heavy great sword!!!!!
Ouch! That really hurt!
You die...

.....§☼§).....#...
.....☼)§)O...#....
......☼§...##.....
.#.....☼§§#.O....#
.......§o.#)..###.
##.#...§§O))......
..........)..z....
....#.....####....
..§....@....# ...
......V......... #
......=.......##
###############


You could see a destroyer, a large bag of meat (inner flame), 2 meat berserkers
and a bag of meat.

Vanquished Creatures
  12 ogres (D)
  2 two-headed ogres (D)
  20 orcs (D)
34 creatures vanquished.

Notes
Turn   | Place    | Note
-------+----------+-------------------------------------------
     0 | D        | Found the +∞ Axe of Woe
     0 | D        | 123456 the Armataur Gladiator began the quest for the Orb.
     0 | D        | Reached XP level 1. HP: 18/18 MP: 1/1
     2 | D        | Noticed a bag of meat
     4 | D        | Became a worshipper of Makhleb the Destroyer
     4 | D        | Noticed a meat berserker
     4 | D        | Noticed a bag of meat
     5 | D        | Noticed a meat berserker
     5 | D        | Noticed a meat berserker
     5 | D        | Noticed a bag of meat
     5 | D        | Noticed a bag of meat
     6 | D        | Killed a meat berserker
     6 | D        | Killed a bag of meat
     6 | D        | Reached * piety under Makhleb
     6 | D        | Noticed a meat berserker
     7 | D        | Reached skill level 15 in Dodging
     7 | D        | Reached XP level 2. HP: 54/54 MP: 2/2
     7 | D        | Reached XP level 3. HP: 62/62 MP: 3/3
     7 | D        | Reached XP level 4. HP: 70/70 MP: 4/4
     7 | D        | Reached XP level 5. HP: 78/78 MP: 5/5
     7 | D        | Reached XP level 6. HP: 86/86 MP: 6/6
     7 | D        | Reached XP level 7. HP: 94/94 MP: 7/7
     7 | D        | Reached XP level 8. HP: 101/101 MP: 8/8
     7 | D        | Reached XP level 9. HP: 110/110 MP: 9/9
     7 | D        | Reached XP level 10. HP: 118/118 MP: 10/10
     7 | D        | Reached XP level 11. HP: 125/125 MP: 11/11
     7 | D        | Reached XP level 12. HP: 133/133 MP: 12/12
     7 | D        | Noticed a bag of meat
     7 | D        | Killed a bag of meat
     7 | D        | Noticed a meat berserker
     7 | D        | Noticed a bag of meat
     8 | D        | Reached XP level 13. HP: 145/145 MP: 13/13
     8 | D        | Killed a bag of meat
     9 | D        | Killed a meat berserker
     9 | D        | Reached ** piety under Makhleb
     9 | D        | Killed a meat berserker
     9 | D        | Noticed a bag of meat
     9 | D        | Noticed a bag of meat
    10 | D        | Reached XP level 14. HP: 139/164 MP: 14/14
    10 | D        | Killed a meat berserker
    10 | D        | Noticed a bag of meat
    11 | D        | Reached XP level 15. HP: 176/176 MP: 15/15
    11 | D        | Reached *** piety under Makhleb
    11 | D        | Noticed a meat berserker
    11 | D        | Noticed a meat berserker
    12 | D        | Killed a meat berserker
    13 | D        | Noticed a meat berserker
    14 | D        | Reached **** piety under Makhleb
    15 | D        | Reached XP level 16. HP: 193/193 MP: 16/16
    15 | D        | Killed a meat berserker
    16 | D        | Reached skill level 27 in Fighting
    16 | D        | Noticed a meat berserker
    16 | D        | Noticed a large bag of meat
    16 | D        | Noticed a meat berserker
    17 | D        | Killed a meat berserker
    17 | D        | Reached ***** piety under Makhleb
    18 | D        | Reached skill level 27 in Axes
    18 | D        | Noticed a meat berserker
    18 | D        | Noticed a meat berserker
    19 | D        | Reached XP level 17. HP: 172/204 MP: 17/17
    19 | D        | Killed a meat berserker
    19 | D        | Noticed a meat berserker
    20 | D        | Reached skill level 27 in Dodging
    21 | D        | Reached skill level 15 in Throwing
    21 | D        | Noticed a large bag of meat
    21 | D        | Noticed a large bag of meat
    22 | D        | Killed a meat berserker
    22 | D        | Killed a meat berserker
    23 | D        | Reached XP level 18. HP: 214/214 MP: 18/18
    23 | D        | Killed a meat berserker
    24 | D        | Reached skill level 27 in Throwing
    24 | D        | Reached ****** piety under Makhleb
    24 | D        | Killed a meat berserker
    24 | D        | Killed a large bag of meat
    25 | D        | Reached skill level 5 in Shields
    25 | D        | Reached skill level 5 in Hexes
    25 | D        | Reached skill level 5 in Translocations
    25 | D        | Reached skill level 5 in Fire Magic
    25 | D        | Reached skill level 5 in Ice Magic
    25 | D        | Reached skill level 5 in Air Magic
    25 | D        | Reached skill level 5 in Earth Magic
    25 | D        | Reached skill level 5 in Poison Magic
    25 | D        | Reached XP level 19. HP: 177/221 MP: 18/25
    26 | D        | Killed a large bag of meat
    28 | D        | Reached skill level 27 in Armour
    28 | D        | Noticed a meat berserker
    29 | D        | Noticed a destroyer
    30 | D        | Reached skill level 5 in Polearms
    30 | D        | Reached skill level 5 in Ranged Weapons
    30 | D        | Reached skill level 5 in Spellcasting
    30 | D        | Noticed a destroyer
    31 | D        | Annihilated by a destroyer

Illustrated notes

Levels and vault maps discovered:
D:        meatsprint

Skill      XL: |  1  2  3  4  5  6  7  8  9 10 11 12 13 14 15 16 17 18 19 |
---------------+----------------------------------------------------------+-----
Fighting       | 17 18 22 23 26 27 | 27.0
Axes           | 16 17 20 21 24 27 | 27.0
Dodging        | 15 19 20 22 26 27 | 27.0
Throwing       | 26 27 | 27.0
Short Blades   | 4 6 |  6.7
Long Blades    | 4 6 |  6.3
Maces & Flails | 4 6 |  6.3
Polearms       | 4 5 |  5.8
Staves         | 4 6 |  6.3
Ranged Weapons | 4 5 |  5.3
Armour         | 6 27 | 27.0
Stealth        | 6 8 |  8.4
Shields        | 5 7 |  7.7
Spellcasting   | 4 5 |  5.8
Conjurations   | 4 6 |  6.3
Hexes          | 5 6 |  6.9
Summonings     | 4 6 |  6.1
Necromancy     | 4 6 |  6.1
Translocations | 5 7 |  7.3
Transmutations | 4 6 |  6.7
Fire Magic     | 5 7 |  7.2
Ice Magic      | 5 7 |  7.2
Air Magic      | 5 7 |  7.2
Earth Magic    | 5 7 |  7.2
Poison Magic   | 5 7 |  7.2
Invocations    | 6 7 |  7.9
Evocations     | 6 7 |  7.9
Unarmed Combat | |  2.6

Action                     |  1- 3 |  4- 6 |  7- 9 | 10-12 | 13-15 | 16-18 | 19-21 || total
---------------------------+-------+-------+-------+-------+-------+-------+-------++-------
  Melee: Executioner's axe |     1 |       |       |     1 |     6 |     8 |     3 ||    19
  Dodge: Dodged            |       |       |       |       |       |     1 |       ||     1

Table legend: (Time is in decaauts)
 A = Elapsed time spent in this place.
 B = Non-inter-level travel time spent in this place.
 C = Inter-level travel time spent in this place.
 D = Time resting spent in this place.
 E = Time spent auto-exploring this place.
 F = Levels seen in this place.
 G = Mean time per level.
                   A        B        C        D        E       F      G
               +--------+--------+--------+--------+--------+-----+--------+
         Total |     27 |     27 |      0 |      0 |      0 |   1 |   27.0 |
       Dungeon |     27 |     27 |      0 |      0 |      0 |   1 |   27.0 |
               +--------+--------+--------+--------+--------+-----+--------+

Top non-repeatable levels by time:
       D: 27 daAuts
